 Dungeon Crawl Stone Soup version 0.20.1-1-g8b1a95d (webtiles) character file.

707 vatarom the Insei (level 7, -3/59 HPs)
             Began as a Red Draconian Transmuter on Sept 20, 2017.
             Slain by a wyvern zombie (11 damage)
             ... on level 4 of the Dungeon.
             The game lasted 00:09:51 (3760 turns).

vatarom the Insei (Red Draconian Transmuter)        Turns: 3760, Time: 00:09:52

Health: -3/59      AC:  2    Str: 16    XL:     7   Next: 39%
Magic:  7/10       EV: 19    Int: 18    God:
Gold:   241        SH:  0    Dex: 18    Spells: 0/10 levels left

rFire    . . .     SeeInvis .     - Unarmed
rCold    . . .     Gourm    .   (shield currently unavailable)
rNeg     . . .     Faith    .   (armour unavailable)
rPois    x         Spirit   .   (helmet currently unavailable)
rElec    .         Reflect  .   (cloak currently unavailable)
rCorr    .         Harm     .   (gloves currently unavailable)
MR       .....                  (boots currently unavailable)
Stlth    ++........             (no amulet)
Regen    0.2/turn               g - +4 ring of strength
MPRegen  0.2/turn               k - +4 ring of intelligence

@: lethally poisoned (-3 -> -6), spider-form (expiring)
A: (breathe fire), unfitting armour, AC +6
a: End Transformation


You were on level 4 of the Dungeon.
You were not hungry.
You were a venomous arachnid creature.
You visited 1 branch of the dungeon, and saw 4 of its levels.

You collected 241 gold pieces.

Inventory:

Hand Weapons
 b - a +1 hunting sling of flaming
Missiles
 a - 33 arrows
 m - 161 stones (quivered)
Armour
 h - a +0 buckler (melded)
Magical Staves
 t - an uncursed staff of energy
Jewellery
 g - a +4 ring of strength (left front leg)
 k - a +4 ring of intelligence (right front leg)
 n - an uncursed ring of resist corrosion
Wands
 j - a wand of disintegration (8/24)
Scrolls
 e - 4 scrolls of identify
 f - 3 scrolls of remove curse
 i - a scroll of teleportation
 o - a scroll of random uselessness {unknown}
 r - a scroll of fear {unknown}
Potions
 p - 2 potions of might
 q - a potion of magic
Books
 l - a book of Changes

   Spells                             Type                      Level
   a - Beastly Appendage              Transmutation                1
   b - Sticks to Snakes               Transmutation                2
   c - Spider Form                    Transmutation/Poison         3
   d - Ice Form                       Ice/Transmutation            4
   e - Blade Hands                    Transmutation                5
Comestibles
 c - 3 bread rations
 d - a meat ration
 s - 3 chunks of flesh


   Skills:
 - Level 4.1 Fighting
 - Level 1.7 Dodging
 - Level 4.0 Shields
 - Level 5.6 Unarmed Combat
 - Level 2.0 Spellcasting
 * Level 3.5 Transmutations
 + Level 0.8 Ice Magic


You couldn't memorise any spells.
You knew the following spells:

 Your Spells              Type           Power        Failure   Level  Hunger
a - Beastly Appendage     Tmut           ##....       13%         1    #......
b - Sticks to Snakes      Tmut           ##......     17%         2    ###....
c - Spider Form           Tmut/Pois      #.........   47%         3    ###....
d - Ice Form              Ice/Tmut       #.......     78%         4    #####..


Dungeon Overview and Level Annotations

Branches:
Dungeon (4/15)
 Temple: D:4-7

Altars:
Dithmenos
Fedhas
Okawaru
Yredelemnul


Innate Abilities, Weirdness & Mutations

((You can breathe blasts of fire.))
((Your fiery red scales are hard. (AC +6)))
You cannot fit into any form of body armour.
((Your flesh is heat resistant. (rF+)))
((You are cold-blooded and may be slowed by cold attacks.))


Message History

You hit the adder.
The adder is heavily wounded.
Your transformation is almost over.
You feel sick. The adder closely misses you.
The wyvern zombie barely misses you.
You bite the adder!
You kill the adder!
The wyvern zombie misses you.
You feel sick. The wyvern zombie bites you!
* * * LOW HITPOINT WARNING * * *
You see here an adder corpse.
You hit the wyvern zombie.
The wyvern zombie is severely damaged.
The wyvern zombie completely misses you.
You hit the wyvern zombie.
The wyvern zombie is almost destroyed.
The wyvern zombie bites you!
* * * LOW HITPOINT WARNING * * *
The wyvern zombie bites you!
You die...

###........ ..........
#...$...# #.......#
### #.....<.### ..#
#............. #.#
#.......#..... #.#
#...Z...# #.#.
#.####...s...# #
#......[?..###
#......#...#
#.####.#...# #######.#
........ ........#
#......... ####.###.#
#..........
....))...##...........
####).....# ......


You could see a wyvern zombie.

Vanquished Creatures
  A sky beast (D:3)
  An ogre (D:4)
  The ghost of tarantulino the Ducker, an amateur HuWr (D:3)
  A bullfrog (D:3)
  A scorpion (D:4)
  2 orc wizards (D:4)
  Jessica (D:2)
  Terence (D:2)
  A worker ant (D:3)
  2 hound skeletons (D:4)
  Robin (D:2)
  8 adders
  2 worms (D:2)
  2 leopard geckos
  5 orcs
  3 ball pythons
  6 giant cockroaches
  9 goblins
  12 hobgoblins
  3 jackals (D:4)
  A quokka (D:4)
  14 bats
  8 frilled lizards
  9 kobolds
  A leopard gecko skeleton (D:4)
  5 rats
101 creatures vanquished.

Vanquished Creatures (collateral kills)
  A goblin (D:2)
1 creature vanquished.

Grand Total: 102 creatures vanquished

Notes
Turn   | Place    | Note
-------+----------+-------------------------------------------
     0 | D:1      | vatarom the Draconian Transmuter began the quest for the Orb.
     0 | D:1      | Reached XP level 1. HP: 16/16 MP: 3/3
   224 | D:1      | Reached XP level 2. HP: 13/23 MP: 5/5
   502 | D:1      | Learned a level 2 spell: Sticks to Snakes
  1162 | D:2      | Reached XP level 3. HP: 26/29 MP: 6/6
  1180 | D:2      | Noticed Jessica
  1189 | D:2      | Killed Jessica
  1438 | D:2      | Reached XP level 4. HP: 36/36 MP: 7/7
  1509 | D:2      | Noticed Robin
  1530 | D:2      | Learned a level 3 spell: Spider Form
  1621 | D:2      | Killed Robin
  1776 | D:2      | Noticed Terence
  1791 | D:2      | Killed Terence
  1791 | D:2      | Reached XP level 5. HP: 41/41 MP: 4/8
  2585 | D:3      | Noticed a sky beast
  2611 | D:3      | Killed a sky beast
  2611 | D:3      | Reached skill level 4 in Unarmed Combat
  2621 | D:3      | Noticed tarantulino's ghost (amateur HuWr)
  2649 | D:3      | Killed tarantulino's ghost
  2649 | D:3      | Reached XP level 6. HP: 50/51 MP: 4/9
  2973 | D:3      | Found a faded altar of an unknown god.
  3033 | D:3      | Found an iron altar of Okawaru.
  3082 | D:3      | Reached skill level 5 in Unarmed Combat
  3392 | D:4      | Got a pitted dagger
  3399 | D:4      | Your scales start taking on a fiery red colour.
  3399 | D:4      | Reached XP level 7. HP: 46/59 MP: 6/10
  3399 | D:4      | Gained mutation: Your flesh is heat resistant. (rF+) [Red Draconian growth]
  3405 | D:4      | Identified the cursed +1 dagger of Quick Death {venom, Dex+4} (You found it on level 4 of the Dungeon)
  3526 | D:4      | Found a blossoming altar of Fedhas.
  3526 | D:4      | Found a faded altar of an unknown god.
  3533 | D:4      | Found a faded altar of an unknown god.
  3535 | D:4      | Found a basalt altar of Yredelemnul.
  3537 | D:4      | Found a shadowy altar of Dithmenos.
  3605 | D:4      | Learned a level 4 spell: Ice Form
  3760 | D:4      | Slain by a wyvern zombie

Skill      XL: |  1  2  3  4  5  6  7 |
---------------+----------------------+-----
Fighting       | 2 3 4 |  4.1
Shields        | 2 3 4 |  4.0
Unarmed Combat | 4 5 |  5.6
Transmutations | 3 |  3.5
Dodging        | |  1.7
Spellcasting   | |  2.0
Ice Magic      | |  0.8

Action                   |  1- 3 |  4- 6 |  7- 9 || total
-------------------------+-------+-------+-------++-------
Melee: Unarmed           |   129 |   144 |    45 ||   318
       Kick              |     5 |     1 |       ||     6
       Headbutt          |     4 |     1 |       ||     5
       Tailslap          |     6 |     9 |       ||    15
       Punch             |     2 |       |       ||     2
       Staff             |       |       |     3 ||     3
 Fire: Hunting sling     |       |    33 |       ||    33
Throw: Stone             |       |     1 |       ||     1
 Cast: Beastly Appendage |    13 |     3 |       ||    16
       Spider Form       |       |     7 |     6 ||    13
       Sticks to Snakes  |       |     1 |       ||     1
Evoke: Wand              |       |     3 |       ||     3
  Use: Scroll            |     5 |     2 |     2 ||     9
       Potion            |     1 |     1 |     3 ||     5
 Stab: Sleeping          |     1 |     3 |     1 ||     5
  Eat: Chunk             |     2 |     4 |       ||     6
       Meat ration       |       |     1 |       ||     1
Armor: Skin              |    63 |    58 |     6 ||   127
Dodge: Dodged            |   112 |   117 |    54 ||   283
Block: Buckler           |       |    11 |     4 ||    15
